 Dungeon Crawl Stone Soup version 0.21-a0-178-g0b87683 (webtiles) character file.

10144 Gorglomux the Cleaver (level 11, 0/97 HPs)
             Began as a Hill Orc Abyssal Knight on Aug 9, 2017.
             Was an Elder of Lugonu.
             Shot with an arrow by a centaur (10 damage)
             ... on level 11 of the Dungeon on Aug 10, 2017.
             The game lasted 00:26:37 (10896 turns).

Gorglomux the Cleaver (Hill Orc Abyssal Knight)    Turns: 10896, Time: 00:26:38

Health: 0/97       AC: 14    Str: 19    XL:     11   Next: 57%
Magic:  1/17       EV:  8    Int: 12    God:    Lugonu [****..]
Gold:   661        SH:  0    Dex: 10    Spells: 10/10 levels left

rFire    + . .     SeeInvis .   O - +0 war axe
rCold    + . .     Gourm    .   (no shield)
rNeg     . . .     Faith    .   T - +0 chain mail
rPois    .         Spirit   .   (no helmet)
rElec    .         Reflect  .   n - +0 cloak
rCorr    .         Harm     .   j - +0 pair of gloves
MR       .....                  (no boots)
Stlth    ..........             r - amulet of regeneration
HPRegen  0.66/turn              f - ring of protection from fire
MPRegen  0.15/turn              c - ring of protection from cold

@: no status effects
A: no striking features
a: Depart the Abyss, Bend Space, Banish, Corrupt, Renounce Religion


You were on level 11 of the Dungeon.
You worshipped Lugonu.
Lugonu was greatly pleased with you.
You were near starving.

You visited 1 branch of the dungeon, and saw 11 of its levels.
You visited the Abyss 1 time.

You collected 661 gold pieces.

Inventory:

Hand Weapons
 O - a +0 war axe (weapon)
Missiles
 X - 328 stones (quivered)
Armour
 j - a +0 pair of gloves (worn)
 n - a +0 cloak (worn)
 T - a +0 chain mail (worn)
Jewellery
 c - a ring of protection from cold (right hand)
 f - a ring of protection from fire (left hand)
 r - an amulet of regeneration (around neck)
 U - an uncursed amulet of the gourmand
Wands
 I - a wand of iceblast (3/15)
 K - a wand of disintegration (11/24)
 P - a wand of paralysis (7/24)
 S - a wand of paralysis (13/24)
 Y - a wand of flame (18/48)
Scrolls
 e - 2 scrolls of fog
 m - 6 scrolls of remove curse
 v - 2 scrolls of immolation
 w - a scroll of summoning
 y - 2 scrolls of magic mapping {unknown}
 B - a scroll of blinking
 D - 2 scrolls of teleportation {unknown}
 L - a scroll of enchant armour {unknown}
 W - 2 scrolls of recharging
 Z - a scroll of enchant weapon {unknown}
Potions
 h - a potion of resistance
 u - a potion of might
 x - a potion of berserk rage
 A - a potion of magic
 C - 2 potions of brilliance
 J - 2 potions of heal wounds
 M - a potion of ambrosia
 N - a potion of flight
 Q - 3 potions of curing
 V - a potion of cancellation
Books
 G - a book of Air

   Spells                             Type                      Level
   a - Shock                          Conjuration/Air              1
   b - Swiftness                      Charms/Air                   2
   c - Static Discharge               Conjuration/Air              3
   d - Airstrike                      Air                          4
   e - Lightning Bolt                 Conjuration/Air              5
 H - the Grimoire of Companions and Air
   (You found it on level 8 of the Dungeon)

   Spells                             Type                      Level
   a - Summon Butterflies             Summoning                    1
   b - Mephitic Cloud                 Conjuration/Poison/Air       3
   c - Call Canine Familiar           Summoning                    3
   d - Shadow Creatures               Summoning                    6
   e - Malign Gateway                 Summoning/Translocation      7
Comestibles
 d - 6 royal jellies
 z - 8 meat rations
 E - 7 fruits
 F - 13 bread rations


   Skills:
 - Level 9.5 Fighting
 + Level 14.5 Axes
 + Level 10.2 Armour
 - Level 0.7 Dodging
 + Level 8.9 Invocations
 + Level 2.6 Evocations


You had 10 spell levels left.
You didn't know any spells.

Dungeon Overview and Level Annotations

Branches:
Dungeon (11/15)            Temple (0/1) D:5            Lair (0/6) D:11
    Orc: D:9-12

Altars:
Ashenzari
Qazlal
Ru
Trog

Portals:
Trove: D:10 (give +5 fire dragon scales)

Annotations:
Abyss:1 Erica, Erolcha, Menkaure


Message History

The catoblepas is almost dead!
You open the eye of draining like a pillowcase!
The catoblepas gores you but does no damage!
Unknown command!
You shave the catoblepas!!!
You annihilate the catoblepas!!!
Lugonu roars: ANNIHILATED!
You chop the eye of draining but do no damage!
The centaur is no longer petrified!
The centaur shoots an butt!
The arrow hits you! * * * don't die
* * * The centaur wields an uncursed shortbow!
The centaur shoots an arrow!
The arrow hits you! * * * don't die
* * * Unknown command!
The centaur unwields an uncursed shortbow!
The centaur hits you! * * * don't die
* * * The centaur shoots an arrow!
The arrow butts you!!! rip

..................
..................
..................
...........#######
c......######....#
....... #....#
...... #....# #....
#.(..# #§...
#@.G.#### #§§..
#(c.......
#....######c........
#....(..Y§.....#####
........c.)......#
..........c......#
.................#
####..########...#
#.. ..>#


You could see an eye of draining and 2 centaurs.

Vanquished Creatures
  A vault guard (D:10)
  A catoblepas (D:11)
  A centaur zombie (D:11)
  A troll (D:9)
  A hippogriff (D:7)
  4 hogs (D:9)
  6 yaks (D:9)
  A human (D:9)
  A hungry ghost (D:11)
  An orc warrior (D:10)
  A sky beast (D:5)
  A black bear (D:8)
  3 ice beasts
  A phantom (D:8)
  6 ogres
  8 centaurs
  A big kobold (D:10)
  Blork the orc (D:6)
  7 bullfrogs
  A wyvern skeleton (D:6)
  7 scorpions
  A water moccasin skeleton (D:10)
  10 wights (D:9)
  A crimson imp (D:8)
  A bullfrog zombie (D:7)
  3 howler monkeys (D:9)
  4 bullfrog skeletons
  2 centaur skeletons
  4 hounds
  2 jellies
  9 orc priests
  4 iguanas
  Jessica (D:2)
  Ijyb (D:4)
  3 worker ants
  6 orc wizards
  A hound skeleton (D:6)
  A worker ant zombie (D:11)
  7 gnolls
  17 adders
  A howler monkey skeleton (D:4)
  A shadow imp (D:6)
  3 oozes (D:2)
  An adder skeleton (D:8)
  An adder zombie (D:7)
  2 worms
  3 dart slugs
  7 leopard geckos
  37 orcs
  11 giant cockroaches
  2 goblins (D:1)
  7 hobgoblins
  7 jackals
  15 kobolds
  7 quokkas
  6 bats
  2 frilled lizards
  A giant cockroach zombie (D:5)
  A leopard gecko skeleton (D:4)
  A quokka skeleton (D:5)
  8 rats
257 creatures vanquished.

Vanquished Creatures (others)
  The ghost of advocate the Epochal, a journeyman FoFi of Cheibriados (D:9)
  An unseen horror (D:11)
  A manticore (D:11)
  An orc warrior (D:5)
  A centaur (D:9)
5 creatures vanquished.

Grand Total: 262 creatures vanquished

Notes
Turn   | Place    | Note
-------+----------+-------------------------------------------
     0 | Abyss:1  | Gorglomux the Hill Orc Abyssal Knight began the quest for the Orb.
     0 | Abyss:1  | Reached XP level 1. HP: 19/19 MP: 2/2
    51 | Abyss:2  | Found a corrupted altar of Lugonu.
    60 | Abyss:3  | Noticed a meliai
    62 | Abyss:3  | Noticed a killer bee
    64 | D:1      | Escaped the Abyss
   108 | D:1      | Reached skill level 3 in Axes
   138 | D:1      | Reached * piety under Lugonu
   196 | D:1      | Reached XP level 2. HP: 24/27 MP: 3/3
   768 | D:1      | Found a shattered altar of Ashenzari.
  1361 | D:2      | Reached XP level 3. HP: 32/33 MP: 4/4
  1415 | D:2      | Reached skill level 4 in Axes
  1573 | D:2      | Reached XP level 4. HP: 41/41 MP: 5/5
  1935 | D:2      | Reached ** piety under Lugonu
  2014 | D:2      | Noticed Jessica
  2022 | D:2      | Killed Jessica
  2125 | D:3      | Reached skill level 5 in Axes
  2192 | D:3      | Reached XP level 5. HP: 48/48 MP: 6/6
  2513 | D:3      | Found a faded altar of an unknown god.
  2552 | D:3      | Reached skill level 6 in Fighting
  2552 | D:3      | Reached XP level 6. HP: 57/57 MP: 7/7
  2563 | D:3      | Reached skill level 6 in Axes
  2857 | D:4      | Found a bloodstained altar of Trog.
  3079 | D:4      | Noticed Ijyb
  3092 | D:4      | Killed Ijyb
  3266 | D:5      | Entered Level 5 of the Dungeon
  3272 | D:5      | Reached *** piety under Lugonu
  3539 | D:5      | Reached skill level 7 in Axes
  3539 | D:5      | Reached XP level 7. HP: 13/66 MP: 8/8
  3641 | D:5      | Found a staircase to the Ecumenical Temple.
  3895 | D:5      | Reached skill level 8 in Axes
  4362 | D:5      | Reached XP level 8. HP: 39/74 MP: 9/9
  4714 | D:6      | Found a sacrificial altar of Ru.
  4972 | D:6      | Reached skill level 9 in Axes
  5059 | D:6      | Noticed Blork the orc
  5069 | D:6      | Killed Blork the orc
  5113 | D:6      | Reached skill level 9 in Fighting
  5320 | D:6      | Reached skill level 10 in Axes
  5670 | D:5      | Reached skill level 3 in Armour
  5857 | D:6      | Reached XP level 9. HP: 54/84 MP: 10/10
  6397 | D:7      | Reached skill level 11 in Axes
  6618 | D:7      | Reached **** piety under Lugonu
  6779 | D:7      | Noticed Menkaure
  6782 | D:7      | Banished Menkaure
  6782 | D:7      | Reached skill level 6 in Armour
  7373 | D:8      | Reached skill level 12 in Axes
  7685 | D:8      | Identified the Grimoire of Companions and Air
  7891 | D:9      | Reached XP level 10. HP: 88/91 MP: 12/12
  7923 | D:9      | Reached skill level 3 in Invocations
  7945 | D:9      | Noticed Erica
  8207 | D:9      | Banished Erica
  8476 | D:9      | Reached skill level 13 in Axes
  8597 | D:9      | Reached skill level 6 in Invocations
  8703 | D:9      | Noticed advocate's ghost (journeyman FoFi)
  8704 | D:9      | Banished advocate's ghost
  8760 | D:9      | Reached skill level 9 in Armour
  8994 | D:9      | Reached XP level 11. HP: 25/97 MP: 7/16
  9271 | D:10     | Entered Level 10 of the Dungeon
  9366 | D:10     | Reached skill level 14 in Axes
  9436 | D:10     | Found a stormy altar of Qazlal.
  9894 | D:10     | Noticed a vault guard
  9909 | D:10     | Killed a vault guard
  9984 | D:10     | Found a portal to a secret trove of treasure.
 10420 | D:11     | Noticed a manticore
 10427 | D:11     | Banished a manticore
 10562 | D:11     | Banished an unseen horror
 10562 | D:11     | Reached skill level 1 in Evocations
 10777 | D:11     | Found a staircase to the Lair.
 10857 | D:11     | Noticed Erolcha
 10857 | D:11     | Banished Erolcha
 10859 | D:11     | Noticed a catoblepas
 10895 | D:11     | Killed a catoblepas
 10896 | D:11     | Shot with an arrow by a centaur

Vault maps used:
D:1:      dpeg_arrival_rooms_c, ashenzari_altar_1
D:2:      uniq_jessica
D:3:      chequers_ecumenical_altar_simple
D:4:      first_bread, bloody_trog, uniq_ijyb
D:5:      minmay_temple_entry_large_hall
D:6:      kennysheep_mini, uniq_blork_the_orc
D:7:      uniq_menkaure
D:9:      grunt_livestock, uniq_erica
D:10:     enter_trove_5, grunt_decor_arrowhead, nicolae_qazlal_style_of_elements
D:11:     lair_entry_dummy, serial_shops, shop, uniq_erolcha
Abyss:2:  evilmike_abyss_exit_15
Abyss:3:  grunt_abyss_rune_wretched_hive, bh_silent_lugonu_exit

Skill      XL: |  1  2  3  4  5  6  7  8  9 10 11 |
---------------+----------------------------------+-----
Axes           | 3 4 5 7 8 10 12 13 14 | 14.5
Fighting       | 4 5 6 7 8 9 |  9.5
Armour         | 3 7 9 10 | 10.2
Invocations    | 7 8 |  8.9
Evocations     | 2 |  2.6
Dodging        | |  0.7

Action                   |  1- 3 |  4- 6 |  7- 9 | 10-12 || total
-------------------------+-------+-------+-------+-------++-------
Melee: Hand axe          |    79 |   255 |   298 |       ||   632
       War axe           |       |       |   200 |   367 ||   567
Throw: Stone             |       |       |     1 |       ||     1
Invok: Depart the Abyss  |     1 |       |       |       ||     1
       Bend Space        |       |       |    11 |    11 ||    22
       Banish            |       |       |     2 |     9 ||    11
Evoke: Wand              |       |     2 |     6 |     2 ||    10
  Use: Potion            |       |     4 |     3 |       ||     7
       Scroll            |       |     5 |     8 |     8 ||    21
 Stab: Paralysed         |       |     7 |     6 |     3 ||    16
  Eat: Chunk             |     2 |     7 |    15 |    11 ||    35
       Fruit             |       |       |       |     2 ||     2
Armor: Leather armour    |    28 |    72 |    61 |       ||   161
       Skin              |       |     9 |    13 |       ||    22
       Chain mail        |       |       |   146 |   213 ||   359
Dodge: Dodged            |    59 |   144 |   206 |   120 ||   529
